 Seeded DCSS version 0.29.1-1-gd02db6906a (webtiles) character file.

Game seed: 2387645567842811425 (custom seed)

90 lonewolfV2 the Trooper (level 4, -3/41 HPs)
             Began as a Hill Orc Fighter on Oct 18, 2022.
             Slain by a gnoll
             ... wielding a +1 spear of flaming
              (9 damage)
             ... on level 2 of the Dungeon.
             The game lasted 00:05:51 (1779 turns).

lonewolfV2 the Trooper (Hill Orc Fighter)           Turns: 1779, Time: 00:05:52

Health: -3/41      AC:  5    Str: 22    XL:     4   Next: 56%
Magic:  4/4        EV: 14    Int: 10    God:
Gold:   839        SH:  5    Dex: 16    Spells: 3/3 levels left

rFire   . . .      SeeInvis .   a - +1 war axe
rCold   . . .      Faith    .   c - +0 buckler
rNeg    . . .      Spirit   .   l - +0 ring mail of Conoshy {Will+ Regen+ Str+2 Int+2}
rPois   .          Reflect  .   (no helmet)
rElec   .          Harm     .   (no cloak)
rCorr   .          Rampage  .   (no gloves)
Will    +....                   (no boots)
Stlth   +.........              (no amulet)
HPRegen 0.93/turn               n - +6 ring of dexterity
MPRegen 0.09/turn               i - +4 ring of evasion

@: no status effects
A: no striking features
a: no special abilities


You were on level 2 of the Dungeon.
You visited 1 branch of the dungeon, and saw 2 of its levels.

You collected 839 gold pieces.

Inventory:

Hand Weapons
 a - a +1 war axe (weapon)
Missiles
 p - 2 throwing nets (quivered)
Armour
 b - a +0 scale mail
 c - a +0 buckler (worn)
 l - the +0 ring mail of Conoshy (worn) {Will+ Regen+ Str+2 Int+2}
   (You acquired it on level 2 of the Dungeon)

   Str:       It affects your strength (+2).
   Int:       It affects your intelligence (+2).
   Regen:     It increases your rate of health regeneration.
   Will:      It increases your willpower.
Jewellery
 i - a +4 ring of evasion (right hand)
 n - a +6 ring of dexterity (left hand)
Scrolls
 j - 2 scrolls of magic mapping {unknown}
 k - a scroll of teleportation
 m - a scroll of immolation {unknown}
Potions
 d - a potion of might
 e - a potion of haste {unknown}
 f - a potion of flight {unknown}
 g - 4 potions of curing {unknown}
 h - a potion of magic {unknown}
 o - a potion of lignification {unknown}


   Skills:
 + Level 4.4 Fighting
 + Level 3.9 Axes
 + Level 4.0 Armour
 + Level 4.0 Shields


You had 3 spell levels left.
You didn't know any spells.
Your spell library contained the following spells:

 Spells                   Type           Power      Damage    Failure   Level
 Confusing Touch          Hex            0%         N/A       93%         3
 Gell's Gravitas          Tloc           0%         N/A       93%         3
 Lesser Beckoning         Tloc           0%         N/A       93%         3
 Teleport Other           Tloc           0%         N/A       93%         3
 Yara's Violent Unravell  Hex/Tmut       0%         3d3       100%        5
 Enfeeble                 Hex            0%         N/A       100%        7


Dungeon Overview and Level Annotations

Branches:
Dungeon (2/15)

Altars:
Nemelex Xobeh


Message History

The gnoll is heavily wounded.
The gnoll barely misses you.
You hit the gnoll.
You kill the gnoll!
Your Shields skill increases to level 4!
p - 2 throwing nets
Things that are here:
a +0 club; a gnoll corpse A gnoll comes into view.
It is wielding a +0 spear.
Found a +0 dagger.
The gnoll shouts!
A gnoll comes into view. It is wielding a +1 spear of flaming.
There are monsters nearby!
There are monsters nearby!
A gnoll comes into view. It is wielding a +0 club.
The gnoll shouts! x2
The gnoll hits you with a +0 club. The gnoll closely misses you.
You closely miss the gnoll. You hit the gnoll. You block the gnoll's attack.
The gnoll barely misses you. The gnoll hits you with a +0 club.
You block the gnoll's attack. The gnoll closely misses you.
The gnoll misses you.
The gnoll hits you with a +1 spear of flaming.
The gnoll burns you. You block the gnoll's attack.
You closely miss the gnoll. You hit the gnoll but do no damage.
You barely miss the gnoll. The gnoll barely misses you.
The gnoll hits you with a +1 spear of flaming.
The gnoll burns you. The gnoll hits you with a +0 spear.
You hit the gnoll.
The gnoll is lightly wounded.
You hit the gnoll. You barely miss the gnoll.
The gnoll hits you but does no damage. The gnoll barely misses you.
The gnoll hits you with a +1 spear of flaming.
The gnoll burns you. The gnoll hits you with a +0 club.
You barely miss the gnoll.
The gnoll is lightly wounded.
You slash the gnoll! You barely miss the gnoll. You block the gnoll's attack.
The gnoll barely misses you. The gnoll hits you with a +0 club!
* * * LOW HITPOINT WARNING * * *
The gnoll hits you with a +1 spear of flaming!
You die...

#.###†#### #..# #.##...##
###### #..########
#.#.#.#.####....##
#..........
#..##.##.##≈.≈.#.##
#.#########
#>.##......≈.≈###.####.#
#..##<.....≈.≈.#....)..#
##.#.#.#.###≈≈≈..########
# ........## ##..g.# #
##.###### ###g@# # ##.#
#..g..# # ##.# #..~..# ##
##.# #.~~...# #. ##.#
#..~~...# ## ##.#######
#...~)..# # ##.......#
###..##.# ########.# ####
.# # #.#


You could see 3 gnolls.

Vanquished Creatures
  2 gnolls
  2 adders (D:2)
  2 dart slugs
  3 ball pythons
  5 endoplasms
  5 giant cockroaches
  2 goblins
  4 hobgoblins
  3 jackals (D:1)
  3 quokkas
  3 bats
  A frilled lizard (D:2)
  7 kobolds
  4 rats
46 creatures vanquished.

Notes
Turn   | Place    | Note
-------+----------+-------------------------------------------
     0 | D:1      | lonewolfV2 the Hill Orc Fighter began the quest for the
                  | Orb.
     0 | D:1      | Reached XP level 1. HP: 19/19 MP: 1/1
   221 | D:1      | Reached XP level 2. HP: 21/27 MP: 2/2
   297 | D:1      | Found a faded altar of an unknown god.
   452 | D:1      | Reached XP level 3. HP: 30/33 MP: 3/3
  1121 | D:1      | Identified a scroll of acquirement
  1121 | D:1      | Acquired 754 gold pieces
  1401 | D:2      | Found a sparkling altar of Nemelex Xobeh.
  1456 | D:2      | Reached XP level 4. HP: 40/40 MP: 4/4
  1456 | D:2      | Acquired the +0 ring mail of Conoshy {Will+ Regen+ Str+2
                  | Int+2}
  1779 | D:2      | Slain by a gnoll

Illustrated notes

Levels and vault maps discovered:
D:1:      lemuel_arrival_room, layout_basic, ebering_ecumenical_altar_box
D:2:      layout_loops_ring, serial_rivers, chequers_serial_rivers_micro_e,
          chequers_serial_rivers_micro_b, chequers_serial_rivers_small_3,
          chequers_serial_rivers_micro_c, chequers_serial_rivers_micro_d,
          basic_altar

Skill      XL: |  1  2  3  4 |
---------------+-------------+-----
Axes           | 3 |  3.9
Fighting       | 4 |  4.4
Armour         | 4 |  4.0
Shields        | 4 |  4.0

Action                   |  1- 3 |  4- 6 || total
-------------------------+-------+-------++-------
Melee: War axe           |    87 |    33 ||   120
  Use: Scroll            |     4 |     1 ||     5
Armor: Scale mail        |    60 |       ||    60
       Ring mail         |       |    11 ||    11
Dodge: Dodged            |    41 |    24 ||    65
Block: Buckler           |    22 |    10 ||    32
